 Dungeon Sprint DCSS version 0.27-a0-1065-ge809cff456 (webtiles) character file.

Game seed: 12157138908733060420

31 mhtbhm the Firebug (level 3, -4/19 HPs)
             Began as a Deep Elf Fire Elementalist on Apr 22, 2021.
             Was an Initiate of Vehumet.
             Slain by a green draconian
             ... wielding a +0 halberd
              (23 damage)
             ... in the Dungeon (Sprint V: "Ziggurat Sprint").
             The game lasted 00:00:56 (99 turns).

mhtbhm the Firebug (Deep Elf Fire Elementalist)       Turns: 99, Time: 00:00:57

Health: -4/19      AC:  5    Str:  5    XL:     3   Next: 7%
Magic:  11/11      EV: 13    Int: 32    God:    Vehumet [......]
Gold:   0          SH:  0    Dex: 15    Spells: 4/11 levels left

rFire    + . .     SeeInvis .   C - +8 lance "Wyrmbane" {slay drac, rPois rF+ rC+ AC+3}
rCold    + . .     Faith    .   (no shield)
rNeg     . . .     Spirit   .   a - +0 robe
rPois    +         Reflect  .   (no helmet)
rElec    .         Harm     .   (no cloak)
rCorr    .         Rampage  .   (no gloves)
Will     .....     NoTele   +   (no boots)
Stlth    ++........             (no amulet)
HPRegen  0.06/turn              u - +6 ring of intelligence
MPRegen  0.12/turn              v - +6 ring of intelligence

@: no status effects
A: no striking features
a: Renounce Religion


You were in the Dungeon.
You worshipped Vehumet.
Vehumet was noncommittal.
You visited 1 branch

Inventory:

Hand Weapons
 C - the +8 lance "Wyrmbane" (weapon) {slay drac, rPois rF+ rC+ AC+3}
   (You found it in the Dungeon)

   It affects your AC (+3).
   It protects you from fire.
   It protects you from cold.
   It protects you from poison.
Armour
 a - a +0 robe (worn)
Jewellery
 u - a +6 ring of intelligence (left hand)
 v - a +6 ring of intelligence (right hand)
Wands
 y - a wand of mindburst (7)
 z - a wand of iceblast (2)
 A - a wand of acid (7)
Scrolls
 h - 4 scrolls of blinking
 m - 4 scrolls of amnesia
 n - 7 scrolls of fog
 o - a scroll of holy word
 p - 5 scrolls of identify
 q - 2 scrolls of fear
Potions
 b - 2 potions of brilliance
 c - 10 potions of curing
 d - 10 potions of heal wounds
 e - 6 potions of haste
 f - 7 potions of magic
 g - 3 potions of berserk rage
 i - 2 potions of invisibility
 j - 4 potions of resistance
 k - a potion of experience
 l - 5 potions of might
Miscellaneous
 B - a lightning rod (4/4)


   Skills:
 + Level 3.5 Dodging
 + Level 3.3 Stealth
 + Level 4.6 Spellcasting
 + Level 1.3 Conjurations
 + Level 6.0 Fire Magic


You had 4 spell levels left.
You knew the following spells:

 Your Spells              Type           Power      Damage    Failure   Level
a - Foxfire               Conj/Fire      100%       2x1d9     1%          1
b - Conjure Flame         Conj/Fire      31%        6-21      3%          3
c - Inner Flame           Hex/Fire       26%        N/A       4%          3

Your spell library contained the following spells:

 Spells                   Type           Power      Damage    Failure   Level
 Beastly Appendage        Tmut           14%        N/A       5%          1
 Sting                    Tmut/Pois      28%        1d4       5%          1
 Ignite Poison            Fire/Tmut/Pois 20%        N/A       7%          3
 Poisonous Vapours        Pois/Air       14%        N/A       9%          2
 Wereblood                Tmut           7%         N/A       9%          2
 Sticky Flame             Conj/Fire      31%        2d5       12%         4
 Mephitic Cloud           Conj/Pois/Air  10%        N/A       13%         3
 Spider Form              Tmut/Pois      3%         N/A       16%         3
 Ice Form                 Ice/Tmut       7%         N/A       47%         4
 Olgreb's Toxic Radiance  Pois           7%         N/A       47%         4
 Fireball                 Conj/Fire      15%        3d8       32%         5
 Hydra Form               Tmut           3%         N/A       83%         5


Dungeon Overview and Level Annotations

Branches:
Dungeon (1/1)

Altars:
Ashenzari
Cheibriados
Dithmenos
Elyvilon
Fedhas
Gozag
Hepliaklqana
Kikubaaqudgha
Makhleb
Nemelex Xobeh
Okawaru
Qazlal
Ru
Sif Muna
Trog
Uskayaw
Vehumet
Wu Jian
Xom
Yredelemnul
Zin
The Shining One
Beogh
Jiyva
Lugonu

Annotations:
D 1 transporter


Message History

Unknown command.
Unknown command.
Aiming: Iceblast
Press: ? - help, Shift-Dir - straight line, f/p - black draconian
Aim: a black draconian, wielding a +0 battleaxe (lightly wounded, catching its breath)
The mass of ice explodes!
The iceblast engulfs the black draconian.
The black draconian is lightly wounded.
The iceblast engulfs the draconian.
The draconian is lightly wounded.
The iceblast engulfs the green draconian!
The green draconian is lightly wounded.
Unknown command.
Unknown command.
Aiming: Iceblast
Press: ? - help, Shift-Dir - straight line, f - green draconian, p - black draconian
Aim: a green draconian, wielding a +0 halberd (lightly wounded)
The mass of ice explodes!
The iceblast engulfs the green draconian!
The green draconian is moderately wounded.
The iceblast engulfs the draconian!
The draconian is moderately wounded.
The iceblast engulfs the black draconian.
The black draconian is lightly wounded.
Unknown command.
Unknown command.
Unknown command.
Aiming: Iceblast
Press: ? - help, Shift-Dir - straight line, f/p - green draconian
Aim: a green draconian, wielding a +0 halberd (moderately wounded)
The mass of ice explodes!
The iceblast engulfs the green draconian!
The green draconian is moderately wounded.
The iceblast engulfs the black draconian!
The black draconian is moderately wounded.
The iceblast engulfs the draconian!
The draconian is heavily wounded.
The green draconian hits you from afar with a +0 halberd!!
Ouch! That really hurt!
You die...

▓▓▓▓▓▓▓▓▓▓▓▓▓
▓.8©8.▓.8©8.▓
▓.)|}.▓.....▓
▓.....▓.....▓
▓..d..▓.....▓
▓...d.▓.....▓
▓..d..▓..©..▓
▓..@..▓▓▓▓▓▓▓
▓▓▓▓▓▓▓


You could see a black draconian, a green draconian and a draconian.

Vanquished Creatures
  A jelly (D)
  An endoplasm (D)
2 creatures vanquished.

Notes
Turn   | Place    | Note
-------+----------+-------------------------------------------
     0 | D        | mhtbhm the Deep Elf Fire Elementalist began the quest for
                  | the Orb.
     0 | D        | Reached XP level 1. HP: 10/10 MP: 6/6
     0 | D        | Found a shimmering blue altar of Sif Muna.
     0 | D        | Found a bloodstained altar of Trog.
     0 | D        | Found a sacrificial altar of Ru.
     0 | D        | Found a stormy altar of Qazlal.
     0 | D        | Found an iron altar of Okawaru.
     1 | D        | Found a sparkling altar of Nemelex Xobeh.
     1 | D        | Found a blossoming altar of Fedhas.
     2 | D        | Found the +6 Majin-Bo {vamp, MP+6 Int+6}
     2 | D        | Found the +9 heavy crossbow "Sniper" {vorpal, Acc+∞ SInv}
     2 | D        | Found the +10 dark maul {vorpal}
     2 | D        | Found the +15 Maxwell's patent armour {-Cast -Tele rElec
                  | Will+ rCorr}
     2 | D        | Found the +18 shield of the Gong {rElec rN+ Will+ EV-5}
     2 | D        | Found the +14 obsidian axe {vorpal, Drain Fly SInv}
     2 | D        | Found the +7 great mace "Firestarter" {inner flame, rF++}
     2 | D        | Found the +6 shillelagh "Devastator" {shatter}
     2 | D        | Found the +11 plutonium sword {Contam Stlth-}
     2 | D        | Found the +8 lance "Wyrmbane" {slay drac, rPois rF+ rC+
                  | AC+3}
     2 | D        | Found the +9 sword of Zonguldrok {reap}
     2 | D        | Found the +13 scythe of Curses {drain, Drain}
     2 | D        | Found the +5 sword of Power {vorpal}
     2 | D        | Found the +7 mace of Variability {chain chaos}
     2 | D        | Found the +7 Singing Sword {vorpal, sonic wave}
     2 | D        | Found the +8 storm bow {elec, penet}
     3 | D        | Found a transporter.
     3 | D        | Found an ancient bone altar of Kikubaaqudgha.
     3 | D        | Found a viscous altar of Jiyva.
     3 | D        | Found a corrupted altar of Lugonu.
     3 | D        | Found a hazy altar of Hepliaklqana.
     3 | D        | Found a burning altar of Makhleb.
     3 | D        | Found an opulent altar of Gozag.
    35 | D        | Became a worshipper of Vehumet
    59 | D        | Entered arena 2.
    59 | D        | Noticed a jelly
    59 | D        | Found a transporter.
    60 | D        | Killed a jelly
    61 | D        | Reached skill level 6 in Fire Magic
    61 | D        | Reached XP level 2. HP: 15/15 MP: 6/9
    61 | D        | Reached XP level 3. HP: 19/19 MP: 7/11
    73 | D        | Learned a level 3 spell: Conjure Flame
    77 | D        | Learned a level 3 spell: Inner Flame
    95 | D        | Entered arena 3.
    95 | D        | Noticed a draconian
    95 | D        | Noticed a black draconian
    95 | D        | Noticed a green draconian
    95 | D        | Found a transporter.
    99 | D        | Slain by a green draconian

Illustrated notes

Levels and vault maps discovered:
D:        sprint_v [room_start, room_1, room_2, room_3, room_4, room_5, room_6,
          room_7, room_8, room_9, room_10, room_11, room_12, room_13, room_14,
          room_15, room_16, room_17, room_18, room_19, room_20, room_21,
          room_22, room_23, room_24, room_25, room_26, room_27]

Skill      XL: |  1 |
---------------+----+-----
Dodging        | 3 |  3.5
Stealth        | 3 |  3.3
Spellcasting   | 4 |  4.6
Fire Magic     | 6 |  6.0
Conjurations   | |  1.3

Action                   || total
-------------------------++-------
Evoke: Wand              ||     5
Dodge: Dodged            ||     2

Table legend: (Time is in decaauts)
 A = Elapsed time spent in this place.
 B = Non-inter-level travel time spent in this place.
 C = Inter-level travel time spent in this place.
 D = Time resting spent in this place.
 E = Time spent auto-exploring this place.
 F = Levels seen in this place.
 G = Mean time per level.
                   A        B        C        D        E       F      G
               +--------+--------+--------+--------+--------+-----+--------+
         Total |     97 |     97 |      0 |     15 |      0 |   1 |   97.0 |
       Dungeon |     97 |     97 |      0 |     15 |      0 |   1 |   97.0 |
               +--------+--------+--------+--------+--------+-----+--------+

Top non-repeatable levels by time:
       D: 97 daAuts
